 Dungeon Crawl Stone Soup version 0.28.0-53-g5a82cb258f (webtiles) character file.

Game seed: 13256615838024825196

1405 styxcanada the Covert (level 8, -7/40 HPs)
             Began as a Spriggan Brigand on June 2, 2022.
             Killed from afar by an electric eel (9 damage)
             ... with a bolt of electricity
             ... on level 6 of the Dungeon.
             The game lasted 00:24:16 (5919 turns).

styxcanada the Covert (Spriggan Brigand)            Turns: 5919, Time: 00:24:16

Health: -7/40      AC:  4    Str:  7    XL:     8   Next: 42%
Magic:  15/15      EV: 19    Int: 12    God:
Gold:   217        SH:  9    Dex: 19    Spells: 13/15 levels left

rFire   . . .      SeeInvis +   i - +2 short sword (flame)
rCold   . . .      Faith    .   k - +3 buckler of the Valley of Death {Regen+}
rNeg    . . .      Spirit   .   b - +0 robe
rPois   .          Reflect  .   (helmet restricted)
rElec   .          Harm     .   c - +1 cloak
rCorr   .          Rampage  .   (gloves unavailable)
Will    +....                   (boots unavailable)
Stlth   +++++.....              (no amulet)
HPRegen 0.93/turn               (no ring)
MPRegen 0.14/turn               (no ring)

@: very quick
A: very small, no large weapons, unfitting armour, see invisible, speed 3
a: no special abilities


You were on level 6 of the Dungeon.
You visited 2 branches of the dungeon, and saw 7 of its levels.

You collected 217 gold pieces.

Inventory:

Hand Weapons
 a - a +2 dagger of flaming
 i - a +2 short sword of flaming (weapon)
 t - a +0 short sword of venom
Missiles
 d - 5 poisoned darts (quivered)
 e - 2 curare-tipped darts
 h - 181 stones
 v - 7 boomerangs
 w - a throwing net
 x - 20 sling bullets
Armour
 b - a +0 robe (worn)
 c - a +1 cloak (worn)
 k - the +3 buckler of the Valley of Death (worn) {Regen+}
   (You acquired it on level 5 of the Dungeon)

   Regen:     It increases your rate of health regeneration.
Wands
 s - a wand of polymorph (7)
 y - a wand of charming (13)
Scrolls
 f - a scroll of fog
 m - a scroll of brand weapon
 p - a scroll of enchant armour
 q - 3 scrolls of teleportation
Potions
 g - a potion of magic
 j - 3 potions of curing
 l - a potion of brilliance
 n - a potion of flight {unknown}
 o - a potion of degeneration {unknown}
 r - a potion of heal wounds
 u - a potion of haste {unknown}
 z - a potion of resistance {unknown}
 A - a potion of mutation {unknown}
 C - a potion of attraction {unknown}


   Skills:
 * Level 3.0 Fighting
 + Level 3.9 Short Blades
 + Level 2.5 Throwing
 * Level 5.1 Dodging
 * Level 10.1 Stealth
 * Level 1.4 Shields
 * Level 4.0 Spellcasting
 * Level 3.2 Hexes
 * Level 3.0 Ice Magic


You had 13 spell levels left.
You knew the following spells:

 Your Spells              Type           Power      Damage    Failure   Level
a - Ensorcelled Hibernat  Hex/Ice        18%        N/A       21%         2

Your spell library contained the following spells:

 Spells                   Type           Power      Damage    Failure   Level
 Sandblast                Erth           4%         2d4       43%         1
 Corpse Rot               Necr/Air       4%         N/A       56%         2
 Passwall                 Tmut/Erth      1%         N/A       56%         2
 Spider Form              Tmut/Pois      2%         N/A       80%         3
 Stone Arrow              Conj/Erth      4%         3d7       80%         3
 Anguish                  Hex/Necr       3%         N/A       94%         4
 Dispel Undead            Necr           2%         3d7       99%         4
 Death Channel            Necr           1%         N/A       100%        6


Dungeon Overview and Level Annotations

Branches:
Dungeon (6/15)             Temple (1/1) D:4

Altars:
Ashenzari
Dithmenos
Elyvilon
Fedhas
Hepliaklqana
Kikubaaqudgha
Makhleb
Nemelex Xobeh
Okawaru
Ru
Sif Muna
Uskayaw
Vehumet
Wu Jian
Xom
Yredelemnul
Zin
The Shining One

Shops:
D:2 (   D:4 (


Innate Abilities, Weirdness & Mutations

You are very small and have problems with some larger weapons.
You are too small for most types of armour.
You have supernaturally acute eyesight. (SInv)
You cover ground extremely quickly. (Speed+++)


Message History

You block the killer bee zombie's attack.
The killer bee zombie misses you.
You closely miss the killer bee zombie.
The killer bee zombie is lightly damaged.
You block the killer bee zombie's attack.
You closely miss the killer bee zombie.
The killer bee zombie is lightly damaged.
The killer bee zombie closely misses you.
The killer bee zombie misses you.
You hit the killer bee zombie. You burn the killer bee zombie.
The killer bee zombie is moderately damaged.
You block the killer bee zombie's attack.
The killer bee zombie misses you.
You hit the killer bee zombie. You burn the killer bee zombie.
The killer bee zombie is severely damaged.
You block the killer bee zombie's attack.
The killer bee zombie completely misses you.
The electric eel shoots out a bolt of lightning at you!
The bolt of electricity hits the killer bee zombie!
The killer bee zombie is destroyed!
The bolt of electricity misses you. The bolt of electricity hits you!
You start resting.
HP restored.
The orc wizard gestures at you while chanting.
The puff of flame hits you. The orc wizard casts a spell at you.
You resist with almost no effort.
The electric eel shoots out a bolt of lightning at you!
The bolt of electricity hits you! x2
* * * LOW HITPOINT WARNING * * *
You miss the electric eel.
The electric eel shoots out a bolt of lightning at you!
The bolt of electricity misses you. The bolt of electricity hits you!
* * * LOW HITPOINT WARNING * * *
The bolt of electricity hits the electric eel.
The electric eel completely resists.
You barely miss the electric eel.
The electric eel shoots out a bolt of lightning at you!
The bolt of electricity misses you. The bolt of electricity hits you!
You die...

.#....#....#.#....#...## #.
.###################### #S
#.## ##)###...###.## #.
##.###.#.#.###...#.# ##### #.
###...###.########.######...#
#. ##.####
##.##..##.##.<......# #. ..##
##..###.########.).# #.
###############.### ##)#####.
...o..........o.@.#* #)......
o≈≈≈≈≈≈≈≈≈≈≈≈≈≈≈≈S≈# ########
≈≈≈≈≈≈≈≈≈≈≈≈≈≈≈≈≈≈≈#
.(............)...## ****
################### *≈≈***
*,8***,8***,8***,8**** *≈≈≈≈*
',,,,,,,,,,,,,,,,,**,* *≈**≈*
###**************,**,**
***≈≈* ..# *,#
*,,,,,,**,,******≈≈≈*


You could see an electric eel and an orc wizard.

Vanquished Creatures
  Sigmund (D:3)
  Pargi (D:4)
  2 black bears
  A sky beast (D:6)
  An orc warrior (D:6)
  A phantom (D:4)
  A gnoll sergeant (D:6)
  A water moccasin skeleton (D:5)
  A howler monkey (D:5)
  A crimson imp (D:5)
  A bullfrog zombie (D:6)
  A bullfrog skeleton (D:4)
  2 gnoll shamans (D:6)
  2 hounds
  A centaur skeleton (D:6)
  An iguana (D:4)
  7 gnolls
  7 adders
  A howler monkey skeleton (D:6)
  A white imp (D:6)
  2 worms (D:3)
  A dart slug (D:4)
  15 orcs
  8 ball pythons
  4 bats
  6 endoplasms
  5 giant cockroaches
  5 goblins
  10 hobgoblins
  9 kobolds
  A quokka (D:3)
  2 frilled lizards
  4 rats
107 creatures vanquished.

Vanquished Creatures (collateral kills)
  3 gnolls (D:6)
3 creatures vanquished.

Vanquished Creatures (others)
  A killer bee zombie (D:6)
1 creature vanquished.

Grand Total: 111 creatures vanquished

Notes
Turn   | Place    | Note
-------+----------+-------------------------------------------
     0 | D:1      | styxcanada the Spriggan Brigand began the quest for the
                  | Orb.
     0 | D:1      | Reached XP level 1. HP: 10/10 MP: 2/2
   100 | D:1      | Reached skill level 6 in Stealth
   246 | D:1      | Reached XP level 2. HP: 12/14 MP: 3/3
   652 | D:1      | Reached skill level 7 in Stealth
   859 | D:1      | Reached XP level 3. HP: 18/18 MP: 4/4
   891 | D:1      | Learned a level 2 spell: Ensorcelled Hibernation
  1088 | D:2      | Found Mexush's Weapon Shoppe.
  1450 | D:2      | Found a faded altar of an unknown god.
  1610 | D:3      | Noticed Sigmund
  1612 | D:3      | Killed Sigmund
  1613 | D:3      | Reached skill level 8 in Stealth
  1613 | D:3      | Reached skill level 1 in Spellcasting
  1613 | D:3      | Reached skill level 1 in Hexes
  1613 | D:3      | Reached XP level 4. HP: 23/23 MP: 4/7
  1613 | D:3      | Reached XP level 5. HP: 26/26 MP: 4/8
  2030 | D:3      | Reached skill level 1 in Ice Magic
  2628 | D:4      | Found a staircase to the Ecumenical Temple.
  2628 | D:4      | Noticed a black bear
  2635 | Temple   | Entered the Ecumenical Temple
  2890 | D:4      | Killed a black bear
  2891 | D:4      | Reached skill level 9 in Stealth
  2891 | D:4      | Reached XP level 6. HP: 5/30 MP: 9/9
  3410 | D:4      | Found Xasytemp's Antique Weapon Boutique.
  3733 | D:4      | Reached XP level 7. HP: 26/35 MP: 11/11
  3860 | D:4      | Noticed Pargi
  3864 | D:4      | Killed Pargi
  4107 | D:5      | Entered Level 5 of the Dungeon
  4314 | D:5      | Found a burning altar of Makhleb.
  4660 | D:5      | Identified a scroll of acquirement
  4660 | D:5      | Acquired the +3 buckler of the Valley of Death {Regen+}
  4932 | D:5      | Found an iron altar of Okawaru.
  5277 | D:6      | Identified the +1 ring mail "Uthusieg" {-Tele Rampage rPois
                  | rN++}
  5358 | D:6      | Reached XP level 8. HP: 29/39 MP: 14/14
  5455 | D:6      | Reached skill level 10 in Stealth
  5455 | D:6      | Reached skill level 1 in Shields
  5823 | D:6      | Reached skill level 5 in Dodging
  5918 | D:6      | HP: 1/40 [electric eel/bolt of electricity (9)]
  5919 | D:6      | Killed from afar by an electric eel

Illustrated notes

Levels and vault maps discovered:
D:1:      dpeg_arrival_tiny_c, layout_rooms, chequers_hall_statues_corner_a,
          minmay_misc_feat_roman
D:2:      layout_loops_cross, serial_shops, shop,
          chequers_ecumenical_altar_simple
D:3:      layout_loops_ring, nicolae_figureground_pulse, uniq_sigmund
D:4:      layout_loops_ring, temple_fountains, serial_shops, nicolae_shop_trees,
          uniq_pargi
D:5:      layout_gridville, makhleb_grotto_becter, okawaru_trees_1
D:6:      wad_river_or_something, layout_loops_ring, ebering_ghost_sewer_d,
          serial_rivers, chequers_serial_rivers_room_b,
          chequers_serial_rivers_large_a, chequers_serial_rivers_micro_c,
          chequers_serial_rivers_small_b, minmay_stone_trees_large
Temple:   eino_temple_scatter_basement

Skill      XL: |  1  2  3  4  5  6  7  8 |
---------------+-------------------------+-----
Stealth        | 6 7 8 9 10 | 10.1
Dodging        | 2 3 4 5 |  5.1
Fighting       | 2 3 |  3.0
Spellcasting   | 1 2 3 4 |  4.0
Hexes          | 1 2 3 |  3.2
Ice Magic      | 1 2 3 |  3.0
Short Blades   | 3 |  3.9
Shields        | 1 |  1.4
Throwing       | |  2.5

Action                   |  1- 3 |  4- 6 |  7- 9 || total
-------------------------+-------+-------+-------++-------
Melee: Short sword       |    98 |   120 |   179 ||   397
       Dagger            |     4 |       |       ||     4
       Punch             |     1 |     1 |       ||     2
Throw: Dart              |     4 |    19 |    11 ||    34
 Cast: Ensorcelled Hiber |       |     4 |     3 ||     7
  Use: Scroll            |       |     3 |    13 ||    16
       Potion            |       |     1 |       ||     1
 Stab: Sleeping          |    14 |    11 |     8 ||    33
Armor: Robe              |    11 |     9 |    17 ||    37
Dodge: Dodged            |    84 |    80 |   101 ||   265
Block: Buckler           |       |       |    59 ||    59
